 Dungeon Crawl Stone Soup version 0.20.0-15-g7f486f2 (console) character file.

691 bli the Skirmisher (level 7, -1/88 HPs)
             Began as a Formicid Abyssal Knight on June 11, 2017.
             Was a Priest of Lugonu.
             Slain by an orc warrior
             ... wielding a +0 halberd
              (8 damage)
             ... on level 6 of the Dungeon on June 13, 2017.
             The game lasted 00:17:37 (3961 turns).

bli the Skirmisher (Formicid Abyssal Knight)        Turns: 3961, Time: 00:17:38

Health: -1/88      AC: 23    Str: 17    XL:     7   Next: 95%
Magic:  8/8        EV:  2    Int: 11    God:    Lugonu [***...]
Gold:   144        SH:  0    Dex: 12    Spells: 6/6 levels left

rFire    x . .     SeeInvis .   a - +1 spear
rCold    + . .     Gourm    .   (no shield)
rNeg     + + +     Faith    .   (armour currently unavailable)
rPois    +         Spirit   .   (helmet unavailable)
rElec    .         Reflect  .   (cloak currently unavailable)
rCorr    .         Harm     .   (gloves currently unavailable)
MR       .....                  (boots currently unavailable)
Stlth    ++........             (no amulet)
Regen    0.3/turn               s - ring of stealth
MPRegen  0.2/turn               y - ring of ice

@: tree-form, invisible
A: permanent stasis, dig shafts and tunnels, four strong arms
a: Depart the Abyss, Bend Space, Banish, Renounce Religion


You were on level 6 of the Dungeon.
You worshipped Lugonu.
Lugonu was most pleased with you.
You were hungry.
You were a tree.
You visited 2 branches of the dungeon, and saw 5 of its levels.
You visited the Abyss 1 time.

You collected 144 gold pieces.

Inventory:

Hand Weapons
 a - a +1 spear (weapon)
Missiles
 k - 152 stones (quivered)
Armour
 b - a +0 leather armour
 d - a +0 scale mail (melded)
 j - a +0 pair of boots (melded)
 u - a +0 ring mail
 w - a cursed +0 chain mail
Jewellery
 s - a ring of stealth (left branch)
 y - a ring of ice (right branch)
Wands
 A - a wand of polymorph (16/24)
Scrolls
 g - a scroll of identify {unknown}
 h - 2 scrolls of enchant armour {unknown}
 l - 2 scrolls of blinking {unknown}
 n - a scroll of amnesia {unknown}
 q - a scroll of immolation {unknown}
 r - a scroll of enchant weapon {unknown}
Potions
 m - a potion of resistance {unknown}
 p - a potion of curing {unknown}
 t - a potion of berserk rage {unknown}
 v - a potion of brilliance {unknown}
 x - a potion of heal wounds {unknown}
Comestibles
 c - a bread ration
 f - 2 meat rations
 i - a royal jelly
 o - a fruit


   Skills:
 * Level 6.3 Fighting
 + Level 5.1 Polearms
 + Level 4.5 Armour
 + Level 1.8 Dodging
 + Level 0.6 Stealth
 + Level 2.3 Invocations


You had 6 spell levels left.
You didn't know any spells.

Dungeon Overview and Level Annotations

Branches:
Dungeon (6/15)             Temple (1/1) D:6

Altars:
Cheibriados
Elyvilon
Nemelex Xobeh
Sif Muna
Trog
Zin
The Shining One


Innate Abilities, Weirdness & Mutations

You cannot be hasted, slowed, berserked, paralysed or teleported.
You can dig through walls and to a lower floor.
Your four strong arms can wield two-handed weapons with a shield.
((You have a pair of large antennae on your head. (SInv)))


Message History

The orc warrior hits you with a halberd!
* * * LOW HITPOINT WARNING * * *
You hit the orc warrior but do no damage.
The orc warrior is lightly wounded.
You hit the orc warrior.
The orc warrior is lightly wounded.
The orc warrior hits you with a halberd.
* * * LOW HITPOINT WARNING * * *
You hit the orc warrior but do no damage.
The orc warrior is lightly wounded.
The orc warrior hits you with a halberd!
* * * LOW HITPOINT WARNING * * *
You barely miss the orc warrior.
The orc warrior is lightly wounded.
The orc warrior hits you with a halberd.
* * * LOW HITPOINT WARNING * * *
It was a potion of invisibility.
You fade into invisibility!
The orc warrior hits you with a halberd!
You die...

.... ######( #..## #./((..
#...####.(.# #.#........#
#.###.#........## #.#
..o............'# ##..##
#.#...#...##...## #....# ####
#.#.###...##...# #....### #...
#...####..##...# #...... #..#
###........##.o.# #.....####..#
..#........##..♣####........##.#
........).{.####...............#
..........#.# #........#...####
.##......#.## #........#...# #
#......#..# #........#...# #
#......##.# #.....####...# #
#......##.###.....# #...# #
#########..##.....####...# #
##÷..........#...# {
#.##.....#.##...#
#..###.#...######


You could see an orc warrior.

Vanquished Creatures
  A sky beast (D:6)
  A black bear (D:6)
  An ice beast (D:6)
  A bullfrog (D:6)
  A bullfrog skeleton (D:6)
  An orc priest (D:3)
  A jelly (D:6)
  2 orc wizards (D:6)
  Jessica (D:3)
  A hound skeleton (D:6)
  4 gnolls (D:6)
  3 adders (D:2)
  An ooze (D:1)
  A worm (D:2)
  3 dart slugs
  3 leopard geckos
  10 orcs
  10 bats
  4 giant cockroaches
  7 goblins
  3 hobgoblins
  10 jackals
  A quokka (D:6)
  2 ball pythons
  7 frilled lizards
  A jackal zombie (D:6)
  7 kobolds
  6 rats
94 creatures vanquished.

Notes
Turn   | Place    | Note
-------+----------+-------------------------------------------
     0 | Abyss:1  | bli the Formicid Abyssal Knight began the quest for the Orb.
     0 | Abyss:1  | Reached XP level 1. HP: 18/18 MP: 2/2
    60 | D:1      | Escaped the Abyss
   183 | D:1      | Reached XP level 2. HP: 25/25 MP: 3/3
   271 | D:1      | Reached skill level 4 in Fighting
   297 | D:1      | Reached XP level 3. HP: 14/30 MP: 4/4
   380 | D:1      | Reached ** piety under Lugonu
   968 | D:1      | Reached skill level 1 in Dodging
  1023 | D:2      | Reached XP level 4. HP: 38/38 MP: 5/5
  1095 | D:2      | Found a white marble altar of Elyvilon.
  1095 | D:2      | Found a glowing silver altar of Zin.
  1332 | D:2      | Found a snail-covered altar of Cheibriados.
  1636 | D:2      | Found a glowing golden altar of the Shining One.
  1637 | D:2      | Reached XP level 5. HP: 43/43 MP: 6/6
  1883 | D:3      | Reached *** piety under Lugonu
  2108 | D:3      | Found a sparkling altar of Nemelex Xobeh.
  2252 | D:3      | Noticed Jessica
  2258 | D:3      | Found a deep blue altar of Sif Muna.
  2274 | D:3      | Killed Jessica
  2288 | D:3      | You fall through a shaft for 3 floors!
  2288 | D:6      | Found a staircase to the Ecumenical Temple.
  2540 | Temple   | Entered the Ecumenical Temple
  2608 | D:6      | Reached XP level 6. HP: 38/50 MP: 7/7
  2611 | D:6      | Reached skill level 5 in Fighting
  2673 | D:6      | Noticed a sky beast
  2850 | D:6      | HP: 2/51 [sky beast (6)]
  2855 | D:6      | Killed a sky beast
  3217 | D:6      | Reached XP level 7. HP: 49/56 MP: 8/8
  3353 | D:6      | Found a bloodstained altar of Trog.
  3478 | D:6      | Reached skill level 6 in Fighting
  3630 | D:6      | Reached skill level 5 in Polearms
  3961 | D:6      | Slain by an orc warrior

Skill      XL: |  1  2  3  4  5  6  7 |
---------------+----------------------+-----
Fighting       | 4 5 6 |  6.3
Dodging        | 1 |  1.8
Armour         | 3 4 |  4.5
Polearms       | 3 4 5 |  5.1
Stealth        | |  0.6
Invocations    | |  2.3

Action                   |  1- 3 |  4- 6 |  7- 9 || total
-------------------------+-------+-------+-------++-------
Melee: Spear             |   123 |   243 |    93 ||   459
Throw: Stone             |       |     4 |     4 ||     8
 Abil: Dig               |       |     4 |     1 ||     5
  Use: Potion            |       |       |     2 ||     2
  Eat: Chunk             |     1 |     6 |     3 ||    10
Armor: Leather armour    |    13 |       |       ||    13
       Scale mail        |    29 |    90 |    36 ||   155
       Skin              |       |       |     1 ||     1
Dodge: Dodged            |    42 |    88 |    34 ||   164
